 Dungeon Crawl Stone Soup version 0.30-a0-652-gcc886f7154 (webtiles) character file.

Game seed: 9359612280728866923

109 Dittersdorf the Trooper (level 4, -3/29 HPs)
             Began as a Gargoyle Fighter on Jan 17, 2023.
             Slain by Grinder (7 damage)
             ... while paralysed by Grinder
             ... on level 3 of the Dungeon.
             The game lasted 00:02:30 (1455 turns).

Dittersdorf the Trooper (Gargoyle Fighter)          Turns: 1455, Time: 00:02:31

Health: -3/29      AC: 13    Str: 21    XL:     4   Next: 89%
Magic:  4/4        EV:  2    Int:  9    God:
Gold:   161        SH:  0    Dex:  9    Spells: 3/3 levels left

rFire   . . .      SeeInvis .    a - +0 flail
rCold   . . .      Faith    .    c - +0 buckler
rNeg    + . .      Spirit   .    b - +0 scale mail
rPois   ∞          Reflect  .    (no helmet)
rElec   +          Harm     .    s - +0 cloak
rCorr   .          Rampage  .    (no gloves)
Will    .....                    t - +0 pair of boots Stlth
                                 (no amulet)
HPRegen 0.24/turn                (no ring)
MPRegen 0.09/turn                (no ring)

@: paralysed
A: sickness immunity, AC +3, negative energy resistance 1, electricity
resistance, torment resistance 1, petrification resistance
a: no special abilities


You were on level 3 of the Dungeon.
You visited 1 branch of the dungeon, and saw 3 of its levels.

You collected 161 gold pieces.

Inventory:

Hand Weapons
 a - a +0 flail (weapon)
Armour
 b - a +0 scale mail (worn)
 c - a +0 buckler (worn)
 s - a +0 cloak (worn)
 t - a +0 pair of boots (worn)
Jewellery
 o - a +5 ring of evasion
Wands
 r - a wand of flame (5)
Scrolls
 f - a scroll of immolation {unknown}
 i - a scroll of amnesia {unknown}
 j - a scroll of torment {unknown}
 k - a scroll of blinking {unknown}
 n - a scroll of enchant weapon {unknown}
 p - a scroll of poison {unknown}
 q - 2 scrolls of teleportation {unknown}
 u - a scroll of fog {unknown}
Potions
 d - a potion of might
 e - a potion of haste {unknown}
 g - a potion of resistance {unknown}
 h - 2 potions of flight {unknown}
 m - a potion of degeneration {unknown}
 v - a potion of curing {unknown}


   Skills:
 + Level 4.1 Fighting
 + Level 2.9 Maces & Flails
 + Level 4.1 Armour
 + Level 4.1 Shields


You had 3 spell levels left.
You didn't know any spells.
Your spell library was empty.

Dungeon Overview and Level Annotations

Branches:
Dungeon (3/15)

Altars:

Annotations:
D:3 Grinder


Innate Abilities, Weirdness & Mutations

You are immune to sickness and miasma.
Your stone body is resilient. (AC +3)
You are immune to poison.
You resist negative energy. (rN+)
You are resistant to electric shocks. (rElec)
You are resistant to unholy torment.
You are immune to petrification.


Message History

You hit Grinder.
Grinder is lightly wounded.
Grinder gestures at you.
You suddenly lose the ability to move!
Grinder hits you but does no damage. x2
Grinder gestures at you.
You shrug off the repeated paralysis!
You can move again.
You hit Grinder but do no damage.
Grinder is lightly wounded.
You block Grinder's attack.
You closely miss Grinder.
Grinder is lightly wounded.
Grinder says, "Make like a tree!"
Grinder blinks!
Grinder closely misses you.
You barely miss Grinder.
Grinder is lightly wounded.
Grinder hits you but does no damage. Grinder hits you.
You writhe in agony.
You hit Grinder.
Grinder is lightly wounded.
Grinder hits you.
You barely miss Grinder.
Grinder is lightly wounded.
You block Grinder's attack.
You barely miss Grinder.
Grinder is lightly wounded.
Grinder gestures at you.
You are unaffected.
Grinder hits you.
You closely miss Grinder.
Grinder is lightly wounded.
Grinder gestures at you.
You suddenly lose the ability to move!
Grinder hits you but does no damage. Grinder hits you.
* * * LOW HITPOINT WARNING * * *
You writhe in agony.
* * * LOW HITPOINT WARNING * * *
Grinder hits you!
You die...

#.......# ###. ###...# #.#
#.. # .....(# #.#
#(######.#
##....###.######.#......##
.............†............
...#############.#.#......
.### #.#$# ..### ## #.#..
.# #@#.#. # ###5###.#...
#### #........... ...#
#.#.####..?. ##.# #.#.#
(.. ...# # #.# #..# ..#
...# ### ##.####


You could see Grinder.

Vanquished Creatures
  Crazy Yiuf (D:2)
  2 adders (D:3)
  4 dart slugs
  An orc (D:3)
  6 bats
  5 endoplasms
  2 giant cockroaches (D:1)
  3 goblins
  2 hobgoblins (D:2)
  6 jackals (D:1)
  7 ball pythons
  4 frilled lizards
  4 kobolds
  6 rats
53 creatures vanquished.

Notes
Turn   | Place    | Note
-------+----------+-------------------------------------------
     0 | D:1      | Dittersdorf the Gargoyle Fighter began the quest for the
                  | Orb.
     0 | D:1      | Reached XP level 1. HP: 14/14 MP: 1/1
    74 | D:1      | Reached XP level 2. HP: 10/19 MP: 2/2
   541 | D:1      | Reached XP level 3. HP: 16/23 MP: 3/3
  1052 | D:2      | Found a runed translucent door.
  1053 | D:2      | Noticed Crazy Yiuf
  1062 | D:2      | Killed Crazy Yiuf
  1063 | D:2      | Reached XP level 4. HP: 26/29 MP: 4/4
  1377 | D:3      | Noticed Grinder
  1384 | D:3      | Paralysed by Grinder for 2 turns
  1392 | D:3      | Paralysed by Grinder for 4 turns
  1403 | D:3      | Paralysed by Grinder for 3 turns
  1431 | D:3      | Paralysed by Grinder for 5 turns
  1439 | D:3      | Paralysed by Grinder for 4 turns
  1452 | D:3      | Paralysed by Grinder for 4 turns
  1455 | D:3      | Slain by Grinder

Illustrated notes

Levels and vault maps discovered:
D:1:      amcnicky_arrival_gap_in_the_tavern_cellar, layout_loops_ring,
          serial_glass, glass_columns_a, glass_columns_a,
          minmay_strange_pillars, item_on_display_a, due_unseen_surprise,
          item_on_display_a
D:2:      layout_rooms, uniq_crazy_yiuf_cottage
D:3:      layout_basic, uniq_grinder

Skill      XL: |  1  2  3 |
---------------+----------+-----
Fighting       | 4 |  4.1
Armour         | 4 |  4.1
Shields        | 4 |  4.1
Maces & Flails | |  2.9

Action                   |  1- 3 |  4- 6 || total
-------------------------+-------+-------++-------
Melee: Flail             |   115 |    55 ||   170
Throw: Dart              |     2 |     5 ||     7
Armor: Scale mail        |    56 |    40 ||    96
Dodge: Dodged            |    63 |    24 ||    87
Block: Buckler           |    31 |     8 ||    39

Table legend: (Time is in decaauts)
 A = Elapsed time spent in this place.
 B = Non-inter-level travel time spent in this place.
 C = Inter-level travel time spent in this place.
 D = Time resting spent in this place.
 E = Time spent auto-exploring this place.
 F = Levels seen in this place.
 G = Mean time per level.
                   A        B        C        D        E       F      G
               +--------+--------+--------+--------+--------+-----+--------+
         Total |   1508 |   1432 |     76 |     38 |    922 |   3 |  502.7 |
       Dungeon |   1508 |   1432 |     76 |     38 |    922 |   3 |  502.7 |
               +--------+--------+--------+--------+--------+-----+--------+

Top non-repeatable levels by time:
     D:1: 715 daAuts
     D:2: 492 daAuts
     D:3: 300 daAuts
